 Dungeon Crawl Stone Soup version 0.24.0-123-gd5b16e6ec5 (webtiles) character file.

Game seed: 5860481781103596918, levelgen mode: deterministic

1381 vurker the Quickloader (level 8, -1/51 HPs)
             Began as a Kobold Hunter on Feb 5, 2020.
             Was a Believer of Okawaru.
             Slain by a killer bee (5 damage)
             ... on level 5 of the Dungeon.
             The game lasted 00:15:38 (9494 turns).

vurker the Quickloader (Kobold Hunter)              Turns: 9494, Time: 00:15:39

Health: -1/51      AC:  9    Str: 12    XL:     8   Next: 99%
Magic:  11/11      EV:  9    Int: 12    God:    Okawaru [**....]
Gold:   401        SH:  0    Dex: 15    Spells: 7/7 levels left

rFire    . . .     SeeInvis .   a - +1 hand crossbow
rCold    . . .     Gourm    .   (shield restricted)
rNeg     . . .     Faith    .   n - +1 chain mail
rPois    .         Spirit   .   (no helmet)
rElec    .         Reflect  .   (no cloak)
rCorr    .         Harm     .   (no gloves)
MR       .....                  (no boots)
Stlth    ..........             (no amulet)
HPRegen  0.17/turn              (no ring)
MPRegen  0.12/turn              (no ring)

@: lethally poisoned (-1 -> -4), flying (expiring), lightly drained
A: small, carnivore
a: Heroism, Renounce Religion


You were on level 5 of the Dungeon.
You worshipped Okawaru.
Okawaru was pleased with you.
You were very full.

You visited 2 branches of the dungeon, and saw 7 of its levels.

You collected 401 gold pieces.

Inventory:

Hand Weapons
 a - a +1 hand crossbow (weapon)
 b - a +0 short sword
Missiles
 d - 12 bolts (quivered)
 l - 2 throwing nets
Armour
 n - a +1 chain mail (worn)
   (You found it on level 2 of the Dungeon)
Jewellery
 t - a +4 ring of evasion
   (You took it off a kobold on level 3 of the Dungeon)
Wands
 c - a wand of disintegration (23)
   (You found it on level 5 of the Dungeon)
Scrolls
 o - a scroll of magic mapping
 q - 2 scrolls of enchant armour
 r - a scroll of remove curse
 u - a scroll of blinking
Potions
 g - 4 potions of curing
 i - 4 potions of agility
 j - 3 potions of invisibility
 k - 2 potions of resistance
Comestibles
 e - 16 rations


   Skills:
 + Level 6.0(5.7) Fighting
 - Level 5.0(4.7) Short Blades
 + Level 8.7(8.3) Crossbows
 + Level 4.4(4.1) Dodging
 - Level 1.3(1.0) Stealth
 + Level 4.4(4.1) Invocations


You had 7 spell levels left.
You didn't know any spells.
Your spell library was empty.

Dungeon Overview and Level Annotations

Branches:
Dungeon (6/15)             Temple (1/1) D:4

Altars:
Ashenzari
Cheibriados
Dithmenos
Fedhas
Gozag
Hepliaklqana
Kikubaaqudgha
Makhleb
Okawaru
Ru
Sif Muna
Trog
Vehumet
Zin
The Shining One


Innate Abilities, Weirdness & Mutations

You are small and have problems with some larger weapons.
You are carnivorous and can eat meat at any time.


Message History

You feel sick. The killer bee barely misses you.
You feel sick.
The killer bee stings you but does no damage.
You feel sick. The killer bee stings you.
* * * LOW HITPOINT WARNING * * *
There is a stone staircase leading up here.
You feel sick.
The killer bee stings you but does no damage.
The killer bee stings you.
* * * LOW HITPOINT WARNING * * *
The killer bee stings you but does no damage.
The killer bee misses you.
The bullfrog swells and bulges.
You fly upwards.
You feel sick.
There is a stone staircase leading down here.
Unknown command.
You feel better. The killer bee stings you.
* * * LOW HITPOINT WARNING * * *
The killer bee stings you but does no damage. x2
The killer bee stings you.
* * * LOW HITPOINT WARNING * * *
a - a +1 hand crossbow (weapon)
The killer bee barely misses you. The killer bee closely misses you.
Firing (i - inventory. (/) - cycle)
d - 14 bolts (quivered)
Aim: a killer bee You shoot a bolt.
The bolt hits the killer bee!
The killer bee stings you.
* * * LOW HITPOINT WARNING * * *
The killer bee stings you.
* * * LOW HITPOINT WARNING * * *
The killer bee stings you but does no damage.
The killer bee barely misses you.
The killer bee stings you but does no damage.
You feel better.
You are starting to lose your buoyancy.
The killer bee stings you but does no damage.
The killer bee barely misses you.
The killer bee stings you but does no damage.
The killer bee barely misses you.
Firing (i - inventory. (/) - cycle)
d - 13 bolts (quivered)
Aim: a killer bee (moderately wounded)
You shoot a bolt. The bolt hits the killer bee!
The killer bee stings you.
* * * LOW HITPOINT WARNING * * *
The killer bee stings you but does no damage.
The killer bee stings you.
* * * LOW HITPOINT WARNING * * *
You are poisoned.
The killer bee poisons you!
The killer bee stings you but does no damage.
The killer bee stings you.
You die...

##..## # #....# #######
#....# ##...... #....#
#....... #....# #......#
####..#############..###
#..#..##..##.##.###..###
#................#...#..
#.....y@y........#...#..
#................#...#.^
#................#...+..
#........[.......#...#..
#..#..##.##..##.###..###
####..##.##########..###
#....................#
#....................'
##....###.########..##


You could see 2 killer bees.

Vanquished Creatures
  Eustachio (D:4)
  Menkaure (D:4)
  An ogre (D:5)
  2 phantoms
  A centaur (D:6)
  A howler monkey (D:4)
  3 wights (D:6)
  A jelly (D:6)
  2 hounds
  3 orc wizards
  An orc priest (D:4)
  A bullfrog skeleton (D:6)
  A centaur skeleton (D:4)
  An iguana (D:5)
  6 worker ants
  A hound skeleton (D:5)
  A worker ant zombie (D:5)
  6 adders
  3 oozes
  3 worms
  4 dart slugs
  4 leopard geckos
  10 orcs
  2 ball pythons (D:4)
  5 giant cockroaches
  7 goblins
  8 hobgoblins
  5 jackals
  3 quokkas
  4 bats
  5 frilled lizards
  9 kobolds
  9 rats
115 creatures vanquished.

Notes
Turn   | Place    | Note
-------+----------+-------------------------------------------
     0 | D:1      | vurker the Kobold Hunter began the quest for the Orb.
     0 | D:1      | Reached XP level 1. HP: 12/12 MP: 1/1
    27 | D:1      | Reached skill level 5 in Crossbows
   137 | D:1      | Reached XP level 2. HP: 17/18 MP: 2/2
   682 | D:1      | Found a glowing golden altar of the Shining One.
   803 | D:1      | Reached XP level 3. HP: 16/22 MP: 3/3
  1805 | D:2      | Reached skill level 6 in Crossbows
  1805 | D:2      | Reached XP level 4. HP: 28/28 MP: 4/4
  3027 | D:3      | Reached XP level 5. HP: 32/32 MP: 5/5
  3617 | D:3      | Reached skill level 7 in Crossbows
  4051 | D:4      | Found a staircase to the Ecumenical Temple.
  4057 | Temple   | Entered the Ecumenical Temple
  4180 | Temple   | Became a worshipper of Warmaster Okawaru
  4399 | D:4      | Reached skill level 1 in Short Blades
  4401 | D:4      | Reached XP level 6. HP: 29/38 MP: 6/6
  4599 | D:4      | Reached skill level 1 in Invocations
  4740 | D:4      | Noticed Menkaure
  4741 | D:4      | Noticed a phantom
  4758 | D:4      | Killed Menkaure
  4758 | D:4      | Reached * piety under Okawaru
  4758 | D:4      | Reached XP level 7. HP: 32/44 MP: 8/8
  6231 | D:4      | Noticed Eustachio
  6358 | D:4      | Killed Eustachio
  6716 | D:4      | Reached skill level 5 in Short Blades
  7039 | D:4      | Reached skill level 5 in Fighting
  7039 | D:4      | Reached XP level 8. HP: 26/49 MP: 10/10
  7220 | D:5      | Entered Level 5 of the Dungeon
  7284 | D:5      | Reached skill level 8 in Crossbows
  8653 | D:6      | Reached ** piety under Okawaru
  9494 | D:5      | Slain by a killer bee

Levels and vault maps discovered:
D:1:      kennysheep_arrival_forest, layout_basic, minivault_11, st_stairs_11,
          grunt_decor_resistance, tso_metal_star
D:2:      layout_loops_cross
D:3:      layout_basic, first_ration, minmay_misc_feat_tower
D:4:      minmay_bubble_buster, layout_loops_ring, minmay_temple_entry_fiery,
          uniq_menkaure, uniq_eustachio
D:5:      layout_gridville, st_stairs_12
D:6:      layout_basic, serial_shops, nicolae_shop_trees,
          chequers_ossuary_entry_cave
Temple:   roderic_octagonal_lattice_temple

Skill      XL: |  1  2  3  4  5  6  7  8 |
---------------+-------------------------+-----
Crossbows      | 5 6 7 8 |  8.7
Fighting       | 3 4 5 6 |  6.0
Short Blades   | 1 3 5 |  5.0
Invocations    | 2 3 4 |  4.4
Dodging        | 4 |  4.4
Stealth        | |  1.3

Action                   |  1- 3 |  4- 6 |  7- 9 || total
-------------------------+-------+-------+-------++-------
Melee: Short sword       |   137 |   160 |   391 ||   688
       Punch             |       |       |     2 ||     2
 Fire: Hand crossbow     |    18 |    57 |    90 ||   165
Throw: Throwing net      |       |       |     4 ||     4
Invok: Heroism           |       |       |     3 ||     3
  Use: Scroll            |       |     7 |     6 ||    13
       Potion            |       |       |     5 ||     5
  Eat: Chunk             |    11 |    10 |    13 ||    34
Armor: Leather armour    |    29 |     1 |       ||    30
       Chain mail        |       |   101 |   206 ||   307
Dodge: Dodged            |   146 |    83 |   169 ||   398
